 Dungeon Crawl Stone Soup version 0.30-a0-304-gdc4b735fe1 (webtiles) character file.

Game seed: 8998217610388885065

52 ragingrage the Cudgeller (level 3, -3/42 HPs)
             Began as an Armataur Warper on Oct 20, 2022.
             Slain by a gnoll
             ... wielding a +0 spear
              (7 damage)
             ... on level 2 of the Dungeon.
             The game lasted 00:01:42 (1362 turns).

ragingrage the Cudgeller (Armataur Warper)          Turns: 1362, Time: 00:01:43

Health: -3/42      AC: 21    Str: 12 (16) XL:     3   Next: 60%
Magic:  5/5        EV:  1    Int: 11 (13) God:
Gold:   44         SH:  0    Dex:  5 (9)  Spells: 3/5 levels left

rFire   . . .      SeeInvis .    a - +0 mace
rCold   . . .      Faith    .    (no shield)
rNeg    . . .      Spirit   .    (body armour currently unavailable)
rPois   +          Reflect  .    (helmet currently unavailable)
rElec   .          Harm     .    (cloak currently unavailable)
rCorr   .          Roll     +    (gloves currently unavailable)
Will    +....      NoTele   +    (no barding)
Stlth   +.........               (no amulet)
HPRegen 0.27/turn                l - ring of wizardry
MPRegen 0.09/turn                (no ring)

@: mighty, tree-form
A: stationary, stasis, torment immunity, boosted hp, large, rugged brown scales
3, (deformed body), (armoured tail), roll, long tongue, awkward tongue, frail 1,
strong-willed 1, sense surroundings 1, weak 1
a: no special abilities


You were on level 2 of the Dungeon.
You were a tree.
You visited 1 branch of the dungeon, and saw 2 of its levels.

You collected 44 gold pieces.

Inventory:

Hand Weapons
 a - a +0 mace (weapon)
Missiles
 d - 7 boomerangs of dispersal (quivered)
Armour
 b - a +0 leather armour (melded)
 k - a +0 pair of gloves (melded)
Jewellery
 i - a ring of ice
 l - a ring of wizardry (left branch)
Scrolls
 c - a scroll of blinking
 e - a scroll of magic mapping
 g - 2 scrolls of identify {unknown}
 m - a scroll of poison {unknown}
 q - a scroll of noise {unknown}


   Skills:
 - Level 1.7 Fighting
 + Level 3.6 Maces & Flails
 - Level 0.8 Throwing
 - Level 1.2 Armour
 - Level 1.3 Dodging
 - Level 1.7 Spellcasting
 - Level 3.0 Translocations


You had 3 spell levels left.
You knew the following spells:

 Your Spells              Type           Power      Damage    Failure   Level
a - Blink                 Tloc           14%        N/A       5%          2

Your spell library contained the following spells:

 Spells                   Type           Power      Damage    Failure   Level
 Lesser Beckoning         Tloc           14%        N/A       11%         3
 Teleport Other           Tloc           7%         N/A       11%         3
 Necrotise                Necr           0%         1d4       12%         1
 Cigotuvi's Dreadful Rot  Necr/Pois/Air  0%         N/A       17%         2
 Vhi's Electric Charge    Tloc/Air       8%         N/A       19%         3
 Vampiric Draining        Necr           0%         2d6       32%         3
 Manifold Assault         Tloc           7%         N/A       32%         4
 Dispel Undead            Necr           0%         3d6       71%         4
 Agony                    Necr           0%         N/A       96%         5
 Death Channel            Necr           0%         N/A       100%        6


Dungeon Overview and Level Annotations

Branches:
Dungeon (2/15)

Altars:


Innate Abilities, Weirdness & Mutations

You are a tree.
Your roots penetrate the ground, keeping you stationary.
You cannot be teleported.
You are immune to unholy pain and torment.
Your maximum health is greatly increased.
Your equipment is partially melded.
(You are completely covered in rugged brown scales. (AC +3, +7% HP))
((Armour fits poorly on your strangely shaped body.))
((You have a long armoured tail.))
You roll when moving toward enemies. (Rampage)
Your long tongue fully drains potion bottles. (2x potion effects)
Your tongue gives you trouble enunciating. (1.5x scroll delay)
You are frail. (-10% HP)
You are strong-willed. (Will+)
You passively map a small area around you.
You are weak. (Str -2)


Message History

* * * LOW HITPOINT WARNING * * *
The gnoll hits you but does no damage. The gnoll hits you but does no damage.
The gnoll hits you but does no damage. The gnoll hits you but does no damage.
The gnoll hits you but does no damage.
The gnoll hits you from afar with a +0 spear.
* * * LOW HITPOINT WARNING * * *
The gnoll hits you but does no damage. The gnoll hits you but does no damage.
The gnoll hits you but does no damage. The gnoll hits you but does no damage.
The gnoll hits you from afar with a +0 spear!
* * * LOW HITPOINT WARNING * * *
The gnoll hits you but does no damage. The gnoll hits you but does no damage.
The gnoll hits you but does no damage. The gnoll hits you but does no damage.
The gnoll hits you but does no damage. The gnoll hits you but does no damage.
The gnoll hits you but does no damage. The gnoll hits you but does no damage.
The gnoll hits you but does no damage.
The gnoll hits you from afar with a +0 spear.
* * * LOW HITPOINT WARNING * * *
The gnoll hits you from afar with a +0 spear.
* * * LOW HITPOINT WARNING * * *
The gnoll hits you but does no damage. The gnoll hits you but does no damage.
The gnoll hits you but does no damage. The gnoll hits you but does no damage.
The gnoll hits you but does no damage. The gnoll hits you but does no damage.
The gnoll hits you from afar with a +0 spear.
* * * LOW HITPOINT WARNING * * *
The gnoll hits you but does no damage.
The gnoll hits you from afar with a +0 spear.
* * * LOW HITPOINT WARNING * * *
The gnoll hits you from afar with a +0 spear!
You die...

***##.....# **********,,,,,,*
#.......#.#*## *** ********
#.####.##.##.#**,****
*,####.......##..,,,*
*,...............,,,*
*,.######.#####..,,,*
***,.######.# **,,,**
,,,,........#########*
***,.#####..ggg)♣...# *,,*
#..#######.# *,,* #.†..# *,* *,,*
##.#.#* *,* *,,*****#g.g.#* *,***
***,,,,,,,....g.# *,,,*
,,,,,*,,,.......# ***,*
**,,,*,*#####.#.# *,*
**,,,,,,,,,,*.#.#****,***********


You could see 3 gnolls.

Vanquished Creatures
  An adder (D:2)
  A dart slug (D:1)
  2 bats (D:2)
  4 endoplasms
  A goblin (D:1)
  4 hobgoblins
  7 jackals (D:1)
  3 quokkas
  4 frilled lizards (D:1)
  5 kobolds
  6 rats
38 creatures vanquished.

Vanquished Creatures (others)
  8 toadstools (D:2)
8 creatures vanquished.

Grand Total: 46 creatures vanquished

Notes
Turn   | Place    | Note
-------+----------+-------------------------------------------
     0 | D:1      | ragingrage the Armataur Warper began the quest for the Orb.
     0 | D:1      | Reached XP level 1. HP: 18/18 MP: 3/3
   160 | D:1      | You fall into a shaft and drop 1 floor!
   160 | D:2      | Found a faded altar of an unknown god.
   237 | D:1      | Reached XP level 2. HP: 21/25 MP: 4/4
   549 | D:1      | Reached XP level 3. HP: 13/31 MP: 5/5
   660 | D:1      | Learned a level 2 spell: Blink
  1298 | D:2      | Gained mutation: You are strong-willed. (Will+) [potion of
                  | mutation]
  1298 | D:2      | Gained mutation: You are frail. (-10% HP) [potion of
                  | mutation]
  1298 | D:2      | Gained mutation: You are weak. (Str -2) [potion of
                  | mutation]
  1298 | D:2      | Gained mutation: You passively map a small area around you.
                  | [potion of mutation]
  1362 | D:2      | Slain by a gnoll

Illustrated notes

Levels and vault maps discovered:
D:1:      kilobyte_arrival_exit_the_forest, layout_loops_ring, serial_glass,
          glass_columns_a, glass_columns_c, glass_columns_b, glass_columns_c,
          glass_columns_a, glass_columns_a
D:2:      cheibrodos_fertilizer, layout_loops_ring, nicolae_ecumenical_pavilion

Skill      XL: |  1  2 |
---------------+-------+-----
Maces & Flails | 2 3 |  3.6
Fighting       | |  1.7
Throwing       | |  0.8
Armour         | |  1.2
Dodging        | |  1.3
Spellcasting   | |  1.7
Translocations | |  3.0

Action                   || total
-------------------------++-------
Melee: Mace              ||   117
       Tailslap          ||     7
       Punch             ||     1
  Use: Potion            ||     5
       Scroll            ||     2
Armor: Leather armour    ||    54
       Skin              ||    47
Dodge: Dodged            ||    68

Table legend: (Time is in decaauts)
 A = Elapsed time spent in this place.
 B = Non-inter-level travel time spent in this place.
 C = Inter-level travel time spent in this place.
 D = Time resting spent in this place.
 E = Time spent auto-exploring this place.
 F = Levels seen in this place.
 G = Mean time per level.
                   A        B        C        D        E       F      G
               +--------+--------+--------+--------+--------+-----+--------+
         Total |   1403 |   1362 |     41 |    150 |    837 |   2 |  701.5 |
       Dungeon |   1403 |   1362 |     41 |    150 |    837 |   2 |  701.5 |
               +--------+--------+--------+--------+--------+-----+--------+

Top non-repeatable levels by time:
     D:1: 1073 daAuts
     D:2: 330 daAuts
